 Dungeon Crawl Stone Soup version 0.28-a0-479-g5baa6b73be (webtiles) character file.

Game seed: 6914985189422185029

0 Gargoyl the Skirmisher (level 1, -16/23 HPs)
             Began as a Gnoll Abyssal Knight on Sept 18, 2021.
             Was a Follower of Lugonu.
             Demolished by a tentacle (20 damage)
             ... attached to a kraken
             ... on level 3 of the Abyss.
             The game lasted 00:00:12 (55 turns).

Gargoyl the Skirmisher (Gnoll Abyssal Knight)         Turns: 55, Time: 00:00:13

Health: -16/23     AC:  3    Str: 11    XL:     1   Next: 0%
Magic:  3/3        EV: 11    Int: 11    God:    Lugonu [*.....]
Gold:   0          SH:  0    Dex: 11    Spells: 0/0 levels left

rFire   . . .      SeeInvis .   a - +1 hand axe
rCold   . . .      Faith    .   (no shield)
rNeg    . . .      Spirit   .   b - +0 leather armour
rPois   .          Reflect  .   (no helmet)
rElec   .          Harm     .   (no cloak)
rCorr   .          Rampage  .   (no gloves)
Will    .....                   (no boots)
Stlth   +.........              (no amulet)
HPRegen 0.07/turn               (no ring)
MPRegen 0.08/turn               (no ring)

@: no status effects
A: fangs 1, strong nose, distributed training
a: Renounce Religion, Depart the Abyss


You were on level 3 of the Abyss.
You worshipped Lugonu.
Lugonu was aware of your devotion.
You visited 0 branches of the dungeon, and saw 0 of its levels.
You visited the Abyss 1 time.

Inventory:

Hand Weapons
 a - a +1 hand axe (weapon)
Armour
 b - a +0 leather armour (worn)


   Skills:
 + Level 6.4 Fighting
 + Level 0.0 Short Blades
 + Level 0.0 Long Blades
 + Level 4.4 Axes
 + Level 0.0 Maces & Flails
 + Level 0.0 Polearms
 + Level 0.0 Staves
 + Level 0.0 Slings
 + Level 0.0 Bows
 + Level 0.0 Crossbows
 + Level 0.0 Throwing
 + Level 4.4 Armour
 + Level 2.3 Dodging
 + Level 0.0 Stealth
 + Level 0.0 Shields
 + Level 0.0 Unarmed Combat
 + Level 0.0 Spellcasting
 + Level 0.0 Conjurations
 + Level 0.0 Hexes
 + Level 0.0 Summonings
 + Level 0.0 Necromancy
 + Level 0.0 Translocations
 + Level 0.0 Transmutations
 + Level 0.0 Fire Magic
 + Level 0.0 Ice Magic
 + Level 0.0 Air Magic
 + Level 0.0 Earth Magic
 + Level 0.0 Poison Magic
 + Level 4.4 Invocations
 + Level 0.0 Evocations


You couldn't memorise any spells.
You didn't know any spells.
Your spell library was empty.

Dungeon Overview and Level Annotations

Branches:
Dungeon (0/15)

Altars:


Innate Abilities, Weirdness & Mutations

You have very sharp teeth.
Your uncanny sense of smell can sniff out nearby items.
Your experience applies equally to all skills.


Message History

Welcome, Gargoyl the Gnoll Abyssal Knight.
The bosom of this dungeon contains the transcendent artefact, the Orb of Zot.
Lugonu says: Depart the Abyss and spread corruption, my servant! (use the ability menu to exit the Abyss) Press ? for a list of commands and other information.
Found a corrupted altar of Lugonu.
Found a gateway leading deeper into the Abyss.
There is a gateway leading deeper into the Abyss here.
Found a gateway leading out of the Abyss.
There is a gateway leading deeper into the Abyss here.
You plunge deeper into the Abyss.
Found a gateway leading deeper into the Abyss.
Found a scroll labelled JOKHLUD WEICKY.
Found 10 stones.
There is a gateway leading deeper into the Abyss here.
c - a scroll labelled JOKHLUD WEICKY
There is a gateway leading deeper into the Abyss here.
You plunge deeper into the Abyss.
The abyssal rune of Zot can be found at this depth.
A ynoxinul comes into view.
The ynoxinul bellows!
You hear a loud, deep croak!
You hear a shout!
As you read the scroll labelled JOKHLUD WEICKY, it crumbles to dust.
It is a scroll of amnesia.
You feel forgetful for a moment.
The ynoxinul gestures.
Tentacles burst out of the water! 4 tentacles come into view.
A tentacle segment comes into view.
Unknown command.
The tentacle slaps you!!
Ouch! That really hurt!
* * * LOW HITPOINT WARNING * * *
A tentacle rises from the water!
The tentacle slaps you!!
Ouch! That really hurt!
You die...

.....# #.......# ###
# #..#........##.#
#....##..#...#.# ∆ .
...#.##....#.# .3 ∆
.......###..##≈#
..#...##.###..3#.#
#.#.#.............#
.......@..#.##.....#
###...www..........#
#...///.......##. ..
....///..........
...
...///.#..........
..
..<│/.....#....... #
≈≈≈X≈≈###.#.#.....
≈≈≈≈w≈ #.#....##
≈≈≈≈≈ .. .#..


You could see a kraken and 4 tentacles.

Vanquished Creatures (others)
  A tentacle (Abyss:3)
1 creature vanquished.

Notes
Turn   | Place    | Note
-------+----------+-------------------------------------------
     0 | Abyss:1  | Gargoyl the Gnoll Abyssal Knight began the quest for the
                  | Orb.
     0 | Abyss:1  | Reached XP level 1. HP: 23/23 MP: 3/3
    11 | Abyss:1  | Found a corrupted altar of Lugonu.
    48 | Abyss:3  | Noticed a ynoxinul
    53 | Abyss:3  | Noticed a kraken
    55 | Abyss:3  | Demolished by a tentacle

Illustrated notes

Levels and vault maps discovered:
Abyss:3:  base: Temple, hangedman_abyss_or_decor_clamps,
          evilmike_nicolae_abyss_rune_betentacled_crabyss

Action                   || total
-------------------------++-------
  Use: Scroll            ||     1

Table legend: (Time is in decaauts)
 A = Elapsed time spent in this place.
 B = Non-inter-level travel time spent in this place.
 C = Inter-level travel time spent in this place.
 D = Time resting spent in this place.
 E = Time spent auto-exploring this place.
 F = Levels seen in this place.
 G = Mean time per level.
                   A        B        C        D        E       F      G
               +--------+--------+--------+--------+--------+-----+--------+
         Total |     54 |     54 |      0 |      0 |     21 |   3 |   18.0 |
         Abyss |     54 |     54 |      0 |      0 |     21 |   3 |   18.0 |
               +--------+--------+--------+--------+--------+-----+--------+

Top non-repeatable levels by time:
 Abyss:1: 23 daAuts
 Abyss:2: 16 daAuts
 Abyss:3: 14 daAuts
